 Dungeon Crawl Stone Soup version 0.30-a0-457-g4b7bca3bfa (webtiles) character file.

Game seed: 6576856066536473989

361 ryw the Ruffian (level 6, -2/59 HPs)
             Began as a Troll Gladiator on Dec 13, 2022.
             Was an Initiate of Okawaru.
             Succumbed to a hornet's poison
             ... on level 5 of the Dungeon.
             The game lasted 00:04:17 (3125 turns).

ryw the Ruffian (Troll Gladiator)                   Turns: 3125, Time: 00:04:17

Health: -2/59      AC:  4    Str: 25    XL:     6   Next: 38%
Magic:  0/6        EV: 10    Int:  4    God:    Okawaru [......]
Gold:   191        SH:  0    Dex: 11    Spells: 4/6 levels left

rFire   . . .      SeeInvis .      - Unarmed
rCold   . . .      Faith    .    (no shield)
rNeg    . . .      Spirit   +    a - +0 robe
rPois   .          Reflect  .    b - +0 hat
rElec   .          Harm     .    (no cloak)
rCorr   .          Rampage  .    (gloves unavailable)
Will    .....                    (boots unavailable)
Stlth   +.........               v - amulet of guardian spirit
HPRegen 1.09/turn                (no ring)
MPRegen 0.10/turn                (no ring)

@: lethally poisoned (-2 -> -25), marked, slowed, very slow
A: large, unfitting armour, claws 3, regeneration 1, shaggy fur 1, tough skin 1
a: Renounce Religion


You were on level 5 of the Dungeon.
You worshipped Okawaru.
Okawaru was noncommittal.
You visited 1 branch of the dungeon, and saw 5 of its levels.

You collected 191 gold pieces.

Inventory:

Missiles
 c - 2 throwing nets
 d - a large rock (quivered)
 f - 2 boomerangs
Armour
 a - a +0 robe (worn)
 b - a +0 hat (worn)
Jewellery
 v - an amulet of guardian spirit (around neck)
Scrolls
 i - 3 scrolls of identify {unknown}
 j - a scroll of fog {unknown}
 n - 3 scrolls of teleportation {unknown}
 o - a scroll of fear {unknown}
 p - a scroll of magic mapping {unknown}
 s - a scroll of butterflies {unknown}
 t - 2 scrolls of vulnerability {unknown}
 u - a scroll of blinking {unknown}
 x - 2 scrolls of amnesia {unknown}
Potions
 e - a potion of experience {unknown}
 g - 2 potions of brilliance {unknown}
 h - 3 potions of berserk rage {unknown}
 k - 2 potions of lignification {unknown}
 l - 2 potions of invisibility {unknown}
 m - 2 potions of flight {unknown}
 q - a potion of degeneration {unknown}
 r - 2 potions of heal wounds {unknown}
 w - 2 potions of mutation {unknown}
 z - a potion of haste {unknown}


   Skills:
 + Level 2.6 Fighting
 + Level 3.0 Throwing
 + Level 3.2 Dodging
 * Level 4.7 Unarmed Combat
 + Level 0.8 Spellcasting
 + Level 1.1 Transmutations


You had 4 spell levels left.
You knew the following spells:

 Your Spells              Type           Power      Damage    Failure   Level
a - Wereblood             Tmut           1%         N/A       45%         2

Your spell library contained the following spells:

 Spells                   Type           Power      Damage    Failure   Level
 Beastly Appendage        Tmut           2%         N/A       32%         1
 Sting                    Tmut/Pois      0%         1d3       38%         1
 Poisonous Vapours        Pois/Air       0%         N/A       63%         2
 Spider Form              Tmut/Pois      0%         N/A       77%         3
 Olgreb's Toxic Radiance  Pois           0%         N/A       99%         4
 Chain Lightning          Conj/Air       0%         N/A       100%        9
 Fire Storm               Conj/Fire      0%         5d1       100%        9
 Shatter                  Erth           0%         3d5*      100%        9


Dungeon Overview and Level Annotations

Branches:
Dungeon (5/15)
 Temple: D:4-7

Altars:
Okawaru

Shops:
D:1 =


Innate Abilities, Weirdness & Mutations

You are too large for most types of armour.
You have claws for hands.
Your natural rate of healing is unusually fast.
You are covered in fur. (AC +1)
You have tough skin. (AC +1)


Message History

You scratch the hound but do no damage. The hound barely misses you.
You scratch the hound but do no damage. The hound bites you.
You scratch the hound.
The hound is moderately wounded.
The hound bites you.
A hornet comes into view.
The hound barely misses you.
You scratch the hound.
The hound is heavily wounded.
The hound bites you but does no damage.
You miss the hound.
The hound is heavily wounded.
The hound bites you.
You closely miss the hound. You claw the hound!
The hound is almost dead.
The hound barely misses you. The hornet stings you!
You are poisoned.
You suddenly lose the ability to move!
The hound bites you but does no damage.
You feel very sick.
An ogre comes into view. It is wielding a +0 giant spiked club.
The hornet stings you.
You feel yourself slow down. The hound bites you but does no damage.
You can move again.
The hornet attacks as you move away! The hornet stings you!
You are more poisoned.
You feel as though you will be slow longer.
You feel very sick. The hound closely misses you. The hornet stings you!
* * * LOW HITPOINT WARNING * * *
You are lethally poisoned!
You feel as though you will be slow longer.
The hornet stings you.
* * * LOW HITPOINT WARNING * * *
You are more poisoned.
You feel as though you will be slow longer.
The hound misses you. The hound attacks as you move away! The hound bites you.
* * * LOW HITPOINT WARNING * * *
A centaur comes into view.
You die...

#.# #.....#
#.###.....#
#.........#
#.#####)###
#c#####.######.
#...O##........#
#.##S##..####..#
#.##h##..####..#
#.@.y.....>....#
####.###....#.##
#.###....#.#
#..........#
############


You could see a hornet, a centaur and a hound.

Vanquished Creatures
  2 ogres
  A necrophage (D:4)
  Jessica (D:2)
  An iguana (D:4)
  2 adders
  2 orcs
  8 ball pythons
  5 endoplasms
  3 giant cockroaches
  8 hobgoblins
  3 jackals (D:2)
  A quokka (D:2)
  9 bats
  2 frilled lizards
  5 goblins
  10 kobolds
  7 rats
70 creatures vanquished.

Notes
Turn   | Place    | Note
-------+----------+-------------------------------------------
     0 | D:1      | ryw the Troll Gladiator began the quest for the Orb.
     0 | D:1      | Reached XP level 1. HP: 19/19 MP: 0/0
   182 | D:1      | Reached XP level 2. HP: 28/28 MP: 1/1
   246 | D:1      | Found Ecor's Jewellery Emporium.
   917 | D:2      | Reached XP level 3. HP: 35/35 MP: 2/2
  1182 | D:2      | Noticed Jessica
  1186 | D:2      | Killed Jessica
  1187 | D:2      | Reached XP level 4. HP: 38/42 MP: 3/3
  1417 | D:3      | Found an iron altar of Okawaru.
  1427 | D:3      | Became a worshipper of Warmaster Okawaru
  1470 | D:3      | Learned a level 2 spell: Wereblood
  1834 | D:3      | Found a faded altar of an unknown god.
  2465 | D:4      | Reached skill level 4 in Unarmed Combat
  2604 | D:4      | Noticed an ogre
  2642 | D:4      | Reached XP level 5. HP: 49/50 MP: 4/4
  2868 | D:4      | Killed an ogre
  2981 | D:4      | Reached XP level 6. HP: 57/59 MP: 5/5
  3040 | D:5      | Entered Level 5 of the Dungeon
  3060 | D:5      | Reached skill level 1 in Transmutations
  3119 | D:5      | Noticed a hornet
  3122 | D:5      | Paralysed by a hornet for 1 turns
  3125 | D:5      | Succumbed to a hornet's poison

Illustrated notes

Levels and vault maps discovered:
D:1:      eino_arrival_tree_alley, layout_basic, serial_shops,
          nicolae_shop_hallway_stairs, kennysheep_crisscross, st_stairs_4
D:2:      layout_loops_corners, kennysheep_jessica_study
D:3:      layout_basic, mainiacjoe_overflow_surrounded_room,
          shapermc_ecumenical_altar_totnotflames, minmay_misc_feat_alley
D:4:      layout_loops_ring
D:5:      layout_loops_cross, gup_sewer_entry_bowl, uniq_menkaure

Skill      XL: |  1  2  3  4  5  6 |
---------------+-------------------+-----
Throwing       | 2 3 |  3.0
Fighting       | 2 |  2.6
Unarmed Combat | 4 |  4.7
Dodging        | 3 |  3.2
Transmutations | 1 |  1.1
Spellcasting   | |  0.8

Action                   |  1- 3 |  4- 6 || total
-------------------------+-------+-------++-------
Melee: Unarmed           |    97 |    88 ||   185
       Punch             |       |     2 ||     2
Throw: Throwing net      |       |     2 ||     2
       Large rock        |       |     1 ||     1
 Stab: Sleeping          |     1 |       ||     1
       Held in net/web   |       |     1 ||     1
Armor: Robe              |    34 |    24 ||    58
Dodge: Dodged            |    49 |    33 ||    82

Table legend: (Time is in decaauts)
 A = Elapsed time spent in this place.
 B = Non-inter-level travel time spent in this place.
 C = Inter-level travel time spent in this place.
 D = Time resting spent in this place.
 E = Time spent auto-exploring this place.
 F = Levels seen in this place.
 G = Mean time per level.
                   A        B        C        D        E       F      G
               +--------+--------+--------+--------+--------+-----+--------+
         Total |   3114 |   2977 |    137 |      0 |   2521 |   5 |  622.8 |
       Dungeon |   3114 |   2977 |    137 |      0 |   2521 |   5 |  622.8 |
               +--------+--------+--------+--------+--------+-----+--------+

Top non-repeatable levels by time:
     D:3: 1076 daAuts
     D:2: 848 daAuts
     D:4: 594 daAuts
     D:1: 510 daAuts
     D:5: 84 daAuts
